 Dungeon Sprint DCSS version 0.29-a0-468-ge57f7f99b4 (webtiles) character file.

Game seed: 564210410092194816

9 mhtbhm the Skirmisher (level 2, 0/27 HPs)
             Began as a Draconian Berserker on May 21, 2022.
             Was a Priest of Trog.
             Slain by a bullfrog (8 damage)
             ... in the Dungeon (Sprint VII: "The Pits").
             The game lasted 00:00:22 (248 turns).

mhtbhm the Skirmisher (Draconian Berserker)          Turns: 248, Time: 00:00:22

Health: 0/27       AC:  4    Str: 19    XL:     2   Next: 6%
Magic:  2/2        EV: 12    Int:  7    God:    Trog [***...]
Gold:   0          SH:  0    Dex: 10    Spells: 1/1 levels left

rFire   . . .      SeeInvis .   a - +2 hand axe
rCold   . . .      Faith    .   (no shield)
rNeg    . . .      Spirit   .   (body armour unavailable)
rPois   .          Reflect  .   (helmet restricted)
rElec   .          Harm     .   (no cloak)
rCorr   .          Rampage  .   (no gloves)
Will    .....      NoTele   +   (no boots)
Stlth   +.........              (no amulet)
HPRegen 0.09/turn               (no ring)
MPRegen 0.08/turn               (no ring)

@: no status effects
A: AC +4, unfitting armour, cold-blooded
a: Renounce Religion, Berserk, Trog's Hand


You were in the Dungeon.
You worshipped Trog.
Trog was most pleased with you.
You visited 1 branch

Inventory:

Hand Weapons
 a - a +2 hand axe (weapon)
Scrolls
 g - a scroll of blinking
 i - a scroll of summoning
Potions
 b - a potion of curing
 c - a potion of heal wounds
 d - a potion of haste
 e - 4 potions of magic
 f - 3 potions of berserk rage
 h - 2 potions of invisibility


   Skills:
 + Level 4.2 Fighting
 + Level 3.9 Axes
 + Level 3.4 Dodging


You had one spell level left.
You didn't know any spells.
Your spell library was empty.

Dungeon Overview and Level Annotations

Branches:
Dungeon (1/1)

Altars:


Innate Abilities, Weirdness & Mutations

Your plain brown scales are hard. (AC +4)
You cannot fit into any form of body armour.
You are cold-blooded and may be slowed by cold attacks.


Message History

No target in view!
No target in view!
You start resting.
HP restored.
You see here a giant cockroach corpse.
You open the door.
An orc and a floating eye come into view.
The orc shouts!
The floating eye turns its gaze towards you.
The orc moves out of view.
Unknown command.
A bullfrog comes into view.
You see here a giant cockroach corpse.
The floating eye pulsates ominously.
The floating eye seems to glare at you.
You hit the floating eye.
The floating eye is moderately wounded.
The floating eye gazes piercingly through you!
You suddenly lose the ability to move!
The floating eye's stare focuses on you.
The bullfrog gives a loud, deep croak!
You hear a shout!
The floating eye gazes piercingly through you!
You shrug off the repeated paralysis!
The orc hits you with a +0 club.
A goblin comes into view. It is wielding a +0 dagger.
The bullfrog hits you! The orc hits you with a +0 club.
The floating eye's view fixates on you.
You can move again.
You hit the floating eye.
The floating eye is moderately wounded.
You hit the orc but do no damage. You closely miss the bullfrog.
The bullfrog hits you.
The floating eye gazes piercingly through you!
You shrug off the repeated paralysis!
The orc hits you with a +0 club. The bullfrog hits you.
* * * LOW HITPOINT WARNING * * *
You slash the floating eye!
The floating eye is almost dead.
You hit the bullfrog. You hit the orc. The bullfrog closely misses you.
The orc hits you but does no damage. The bullfrog hits you!
You die...

##########++
##########+##...........
#.?(.')))'.##......#..#.
##########.##...........
#.....†....)'...........
#+#####)#####......#..#.
#.....##...........
#####'#####'#####++
#..@†.##.......#
#.FGo.##.......#
###g####.......# ....
#...<...# ......G
#.......#
#F.......##.......#
###########.......#
#########


You could see a bullfrog, a floating eye, an orc and a goblin.

Vanquished Creatures
  A giant cockroach (D)
  A goblin (D)
  3 jackals (D)
  A kobold (D)
  A quokka (D)
7 creatures vanquished.

Notes
Turn   | Place    | Note
-------+----------+-------------------------------------------
     0 | D        | mhtbhm the Draconian Berserker began the quest for the Orb.
     0 | D        | Reached XP level 1. HP: 19/19 MP: 1/1
    58 | D        | Reached ** piety under Trog
    61 | D        | Reached skill level 4 in Fighting
   126 | D        | Reached XP level 2. HP: 22/27 MP: 2/2
   131 | D        | Reached *** piety under Trog
   239 | D        | Noticed a floating eye
   240 | D        | Noticed a bullfrog
   243 | D        | Paralysed by a floating eye for 4 turns
   248 | D        | Slain by a bullfrog

Illustrated notes

Levels and vault maps discovered:
D:        pitsprint [storerooms_1, entrance_room_1, metal_vault_7, armoury_1,
          mini_pit_1, grid_room_1, main_hall_1, silver_pit, the_coven_3,
          the_vestibule_1, steel_vault_3, golden_pit, hallway_of_sentries,
          crystal_vault_6, iron_vault_3, final_vault]

Skill      XL: |  1 |
---------------+----+-----
Dodging        | 3 |  3.4
Fighting       | 4 |  4.2
Axes           | |  3.9

Action                   || total
-------------------------++-------
Melee: Hand axe          ||    24
       Tailslap          ||     4
       Punch             ||     1
Armor: Skin              ||    10
Dodge: Dodged            ||    17

Table legend: (Time is in decaauts)
 A = Elapsed time spent in this place.
 B = Non-inter-level travel time spent in this place.
 C = Inter-level travel time spent in this place.
 D = Time resting spent in this place.
 E = Time spent auto-exploring this place.
 F = Levels seen in this place.
 G = Mean time per level.
                   A        B        C        D        E       F      G
               +--------+--------+--------+--------+--------+-----+--------+
         Total |    250 |    250 |      0 |    155 |      0 |   1 |  250.0 |
       Dungeon |    250 |    250 |      0 |    155 |      0 |   1 |  250.0 |
               +--------+--------+--------+--------+--------+-----+--------+

Top non-repeatable levels by time:
       D: 250 daAuts
